 Dungeon Crawl Stone Soup version 0.17.0-15-g6d90897 (webtiles) character file.

42 septik the Chopper (level 3, -1/31 HPs)
             Began as a Hill Orc Fighter on Nov 10, 2015.
             Killed by divine providence
             ... invoked by an orc priest
              (14 damage)
             ... on level 3 of the Dungeon.
             The game lasted 00:02:33 (1426 turns).

septik the Chopper (Hill Orc Fighter)               Turns: 1426, Time: 00:02:33

Health: -1/31      AC:  9    Str: 19    XL:     3   Next: 56%
Magic:  3/3        EV:  7    Int:  8    God:
Gold:   35         SH:  4    Dex: 10    Spells: 0 memorised, 2 levels left

rFire  . . .     SeeInvis .     a - +0 war axe
rCold  + . .     Clarity  .     h - +0 chain mail
rNeg   . . .     SustAt   .     f - +0 buckler
rPois  +         Gourm    .     (no helmet)
rElec  .         Spirit   .     (no cloak)
rCorr  .         Warding  .     (no gloves)
rMut   .         Stasis   .     (no boots)
MR     .....                    (no amulet)
Stlth  ..........               p - ring of protection from cold
                                j - ring of poison resistance

@: lethally poisoned (-1 -> -4), not resistant to hostile enchantments,
extremely unstealthy
A: no striking features
a: Convert to Beogh


You were on level 3 of the Dungeon.
You were not hungry.

You visited 1 branch of the dungeon, and saw 3 of its levels.

You collected 35 gold pieces.

Inventory:

Hand Weapons
 a - a +0 war axe (weapon)
Missiles
 l - 109 stones (quivered)
Armour
 b - a +0 scale mail
 c - a +0 shield
 f - a +0 buckler (worn)
 h - a +0 chain mail (worn)
Jewellery
 j - a ring of poison resistance (left hand)
 p - a ring of protection from cold (right hand)
Wands
 v - a wand of confusion (27)
Scrolls
 g - a scroll of magic mapping {unknown}
 n - a scroll of fog {unknown}
 r - 3 scrolls of identify {unknown}
 t - a scroll of fear {unknown}
Potions
 d - 2 potions of might
 i - a potion of lignification {unknown}
 k - a potion of curing {unknown}
 m - a potion of cancellation {unknown}
 s - a potion of poison {unknown}
Books
 u - a book of Frost

   Spells                             Type                      Level
   a - Freeze                         Ice                          1
   b - Throw Frost                    Conjuration/Ice              2
   c - Ozocubu's Armour               Charms/Ice                   3
   d - Throw Icicle                   Conjuration/Ice              4
   e - Summon Ice Beast               Ice/Summoning                4
   f - Condensation Shield            Ice                          4
Comestibles
 e - a bread ration
 o - a meat ration
 q - 5 chunks of flesh
 w - a royal jelly


   Skills:
 - Level 3.6 Fighting
 * Level 5.0 Axes
 - Level 3.2 Armour
 + Level 3.3 Shields


You had 2 spell levels left.
You didn't know any spells.

Dungeon Overview and Level Annotations

Branches:
Dungeon (3/15)

Altars:

Annotations:
D:3 Jessica


Message History

Jessica blinks!
Unknown command.
You closely miss the adder. You barely miss the bat.
The bat closely misses you. The bat hits you but does no damage.
The bat hits you but does no damage. The adder bites you.
You block the adder's attack.
Unknown command.
You barely miss the adder. You closely miss the bat.
The bat hits you but does no damage. The adder bites you.
Unknown command.
You closely miss the adder.
Your shield and chain mail prevent you from hitting the bat.
You feel sick. The bat closely misses you. The adder closely misses you.
The adder closely misses you.
Unknown command.
You miss the adder. You miss the bat. The bat hits you but does no damage.
You block the adder's attack.
The orc priest invokes the aid of Beogh against you.
Something smites you!
You die...

##########
#....>S@.#
####
..######b#
...
###.####.#
#..oo..o.#
#.#w####o#
#.#.# ...
# #.. .###
... o# ...
..


You could see a worm, an orc priest, an adder, an orc and a bat.

Vanquished Creatures
  An ooze (D:2)
  A giant gecko (D:2)
  5 bats
  10 goblins
  3 hobgoblins
  5 jackals (D:1)
  3 giant newts
  3 kobolds
  2 rats
33 creatures vanquished.

Notes
Turn   | Place    | Note
--------------------------------------------------------------
     0 | D:1      | septik the Hill Orc Fighter began the quest for the Orb.
     0 | D:1      | Reached XP level 1. HP: 19/19 MP: 1/1
   122 | D:1      | Reached XP level 2. HP: 23/26 MP: 2/2
   301 | D:1      | Reached skill level 4 in Axes
   968 | D:2      | Reached XP level 3. HP: 31/31 MP: 3/3
  1295 | D:2      | Reached skill level 5 in Axes
  1414 | D:3      | Noticed an ogre
  1415 | D:3      | Noticed Jessica
  1426 | D:3      | Killed from afar by an orc priest

Action                   || total
-------------------------++-------
Melee: War axe           ||   118
  Eat: Chunk             ||     2
